 Dungeon Crawl Stone Soup version 0.23-a0-141-g456867d (webtiles) character file.

16 galech the Twirler (level 2, 16/22 HPs)
             Began as a Demonspawn Gladiator on Aug 31, 2018.
             Quit the game on level 1 of the Dungeon.
             The game lasted 00:00:49 (271 turns).

galech the Twirler (Demonspawn Gladiator)            Turns: 271, Time: 00:00:49

Health: 16/22      AC:  6    Str: 14    XL:     2   Next: 37%
Magic:  11/11      EV: 13    Int:  9    God:
Gold:   20         SH:  0    Dex: 14    Spells: 1/1 levels left

rFire    . . .     SeeInvis .   l - +0 short sword
rCold    . . .     Gourm    .   (no shield)
rNeg     . . .     Faith    .   b - +0 leather armour
rPois    .         Spirit   .   c - +0 helmet
rElec    .         Reflect  .   (no cloak)
rCorr    .         Harm     .   (no gloves)
MR       +....                  (no boots)
Stlth    +.........             (no amulet)
HPRegen  0.07/turn              e - ring of magical power
MPRegen  0.12/turn              k - ring of protection from magic

@: no status effects
A: molten scales 1
a: no special abilities


You were on level 1 of the Dungeon.
You were not hungry.

You visited 1 branch of the dungeon, and saw 1 of its levels.

You collected 20 gold pieces.

Inventory:

Hand Weapons
 a - a +0 quarterstaff
 l - a +0 short sword (weapon)
Missiles
 d - 3 throwing nets (quivered)
Armour
 b - a +0 leather armour (worn)
 c - a +0 helmet (worn)
Jewellery
 e - a ring of magical power (left hand)
 k - a ring of protection from magic (right hand)
Scrolls
 h - a scroll of magic mapping {unknown}
 i - a scroll of enchant weapon {unknown}
Potions
 j - a potion of cancellation {unknown}
 m - a potion of magic {unknown}
Comestibles
 f - 3 rations
 g - 8 chunks of flesh


   Skills:
 + Level 2.1 Fighting
 + Level 3.0 Staves
 + Level 1.8 Throwing
 + Level 0.1 Armour
 + Level 2.9 Dodging


You had one spell level left.
You didn't know any spells.
Your spell library was empty.

Dungeon Overview and Level Annotations

Branches:
Dungeon (1/15)

Altars:


Innate Abilities, Weirdness & Mutations

You are partially covered in molten scales. (AC +2)


Message History

No target in view!
No target in view!
No target in view!
No target in view!
No target in view!
No target in view!
No target in view!
No target in view!
No target in view!
No target in view!
No target in view!
No target in view!
You see here a bat corpse.
You butcher the bat corpse.
g - 7 chunks of flesh (gained 1)
You see here a ball python corpse.
You butcher the ball python corpse.
g - 8 chunks of flesh (gained 1)
You see here a ball python skeleton.
Are you sure you want to abandon this character and quit the game? (Confirm

#.#..#####..#####.#..
.#..## #..####...###.
###..#####............
.#....#.......##..... ..
#.#...#.##.##.# .#.#...
#.##..........###.#.#...
.....##..#.#.........#..
#######..#.#..........##
#........>@......#
#.(..............#
#.....#........#.
###.###......##.. #.
#..?....... .
###########


There were no monsters in sight!

Vanquished Creatures
  3 leopard geckos (D:1)
  3 hobgoblins (D:1)
  A kobold (D:1)
  2 ball pythons (D:1)
  2 bats (D:1)
  A rat (D:1)
12 creatures vanquished.

Notes
Turn   | Place    | Note
-------+----------+-------------------------------------------
     0 | D:1      | galech the Demonspawn Gladiator began the quest for the
                  | Orb.
     0 | D:1      | Reached XP level 1. HP: 16/16 MP: 1/1
   159 | D:1      | Reached skill level 3 in Staves
   159 | D:1      | Gained mutation: You are partially covered in molten
                  | scales. (AC +2) [demonic ancestry]
   159 | D:1      | Reached XP level 2. HP: 22/22 MP: 2/2
   271 | D:1      | Quit the game

Vault maps used:
D:1:      minmay_arrival_five_plusses, minmay_misc_feat_chi,
          minmay_misc_feat_columns, minmay_tall_x

Skill      XL: |  1 |
---------------+----+-----
Staves         | 3 |  3.0
Fighting       | |  2.1
Throwing       | |  1.8
Armour         | |  0.1
Dodging        | |  2.9

Action                   || total
-------------------------++-------
Melee: Quarterstaff      ||    28
       Short sword       ||    14
Armor: Leather armour    ||    22
Dodge: Dodged            ||    45

Table legend:
 A = Non-vault XP
 B = Vault XP
 C = Vault XP percentage of total XP
 D = Non-vault monster count
 E = Vault monster count
 F = Vault count percentage of total count
                 A         B        C        D         E       F
            +---------+---------+-------+---------+---------+-------
      Total |      17 |       6 |  26.1 |       8 |       4 |  33.3
            +---------+---------+-------+---------+---------+-------
        D:1 |      17 |       6 |  26.1 |       8 |       4 |  33.3
            +---------+---------+-------+---------+---------+-------
